 Dungeon Sprint DCSS version 0.31-a0-806-g0bc164a743 (webtiles) character file.

Game seed: 1542601279084365620

1278 sircluck the Grappler (level 8, -3/92 HPs)
             Began as a Troll Berserker on Sept 21, 2023.
             Was an Elder of Trog.
             Slain by Snorg (6 damage)
             ... in the Dungeon (Sprint III: "The Ten Rune Challenge").
             The game lasted 00:01:57 (362 turns).

sircluck the Grappler (Troll Berserker)              Turns: 362, Time: 00:01:57

Health: -3/92      AC:  5    Str: 32    XL:     8   Next: 29%
Magic:  7/7        EV: 12    Int:  2    God:    Trog [****..]
Gold:   18         SH:  0    Dex:  8    Spells: 7/7 levels left

rFire   . .          .
                       - Unarmed
rCold   . . .        (no shield)
rNeg    . . .        a - +0 animal skin
rPois   .            (helmet restricted)
rElec   .            b - +0 cloak
rCorr   .            (gloves unavailable)
SInv    .            (boots unavailable)
Will    +....        (no amulet)
Stlth   +            (no ring)
HPRegen 1.15/turn    (no ring)
MPRegen 0.10/turn

%: no teleportation
@: no status effects
A: large, unfitting armour, claws 3, regeneration 1, shaggy fur 1, tough skin 1,
hooves 1, strong-willed 1, strong 1
a: Renounce Religion, Berserk, Trog's Hand, Brothers in Arms


You were in the Dungeon.
You worshipped Trog.
Trog was greatly pleased with you.
You visited 1 branch You collected 18 gold pieces.

Inventory:

Armour
 a - a +0 animal skin (worn)
 b - a +0 cloak (worn)
Wands
 p - a wand of iceblast (4)
Scrolls
 g - a scroll of blinking
 h - 3 scrolls of identify {unknown}
 j - a scroll of poison {unknown}
 l - a scroll of immolation {unknown}
Potions
 c - a potion of heal wounds
 d - a potion of haste
 e - 2 potions of magic
 f - a potion of berserk rage
 i - a potion of mutation
 k - a potion of lignification {unknown}
 m - a potion of brilliance {unknown}
 n - a potion of enlightenment {unknown}
 o - a potion of curing
Miscellaneous
 q - a phantom mirror


   Skills:
 + Level 9.5 Fighting
 + Level 9.3 Dodging
 + Level 11.1 Unarmed Combat


You had 7 spell levels left.
You didn't know any spells.
Your spell library was empty.

Dungeon Overview and Level Annotations

Branches:
Dungeon (1/1)

Altars:
Cheibriados
Dithmenos
Elyvilon
Fedhas
Gozag
Hepliaklqana
Kikubaaqudgha
Makhleb
Nemelex Xobeh
Okawaru
Qazlal
Ru
Sif Muna
Trog
Uskayaw
Vehumet
Wu Jian
Xom
Yredelemnul
Zin
The Shining One
Jiyva
Lugonu

Shops:
D *

Annotations:
D Snorg


Innate Abilities, Weirdness & Mutations

You are too large for most types of armour.
You have claws for hands.
Your natural rate of healing is unusually fast.
You are covered in fur. (AC +1)
You have tough skin. (AC +1)
You have large cloven feet.
You are strong-willed. (Will+)
Your muscles are strong. (Str +4, Int/Dex -1)


Message History

An orc warrior comes into view. It is wielding a +0 hand axe.
You mangle the orc!!
You kill the orc!
Trog accepts your kill.
The orc priest invokes the aid of Beogh against you.
Beogh smites you!
Snorg the Insatiable comes into view.
The orc priest misses you.
An orc high priest comes into view. It is wielding a +0 war axe.
You completely miss Snorg. You barely miss Snorg. You kick Snorg!
Snorg is lightly wounded.
The orc priest misses you. Snorg bites you! Snorg misses you. Snorg claws you.
You barely miss Snorg.
Snorg is lightly wounded.
The orc priest hits you with a +0 short sword.
Snorg bites you! Snorg claws you. Snorg closely misses you.
You are too injured to fight recklessly!
You are too injured to fight recklessly!
You are too injured to fight recklessly!
You are too injured to fight recklessly!
You are too injured to fight recklessly!
You are too injured to fight recklessly!
You are too injured to fight recklessly!
You are too injured to fight recklessly!
The orc priest casts a cantrip, but nothing happens.
Things that are here:
a +0 flail; an orc corpse Your deep troll goes berserk!
Trog will no longer gift you weapons. Snorg closely misses you.
Snorg claws you but does no damage. x2
The orc priest mumbles some strange prayers to Beogh against you.
Beogh smites you!
* * * LOW HITPOINT WARNING * * *
Snorg bites you!!
* * * LOW HITPOINT WARNING * * *
Snorg claws you.
* * * LOW HITPOINT WARNING * * *
Snorg claws you.
You die...

..#..#.).#__)#)_#.$..
..#..###'#†###†##$...
#'#..#..........#.$.
##...'.⌠........#oo#
##...#...######'#oo
#....#.⌠.#__#.))#o#####
.....#...#__#..)#oo~~~+
.....#)###__#...#T#§§§#
.....#.):#__#..T@)#§§.#
#....#___#__'...#.# .#
▓▓▓▓▓▓▓▓▓▓▓▓▓▓▓▓▓▓▓ ▓


You could see Snorg (ally target), an orc high priest, an orc warrior, 2 orc
priests, 3 orcs and a friendly deep troll (summoned, berserk).

Vanquished Creatures
  A deep elf pyromancer (D)
  A shadow (D)
  A spatial vortex (D)
  A water elemental (D)
  A necrophage (D)
  A jelly (D)
  Crazy Yiuf (D)
  An orc priest (D)
  A wizard (D)
  Jessica (D)
  A necromancer (D)
  3 humans (D)
  A kobold demonologist (D)
  3 orcs (D)
  2 rats (D)
20 creatures vanquished.

Notes
Turn   | Place    | Note
-------+----------+-------------------------------------------
     0 | D        | sircluck the Troll Berserker began the quest for the Orb.
     0 | D        | Reached XP level 1. HP: 22/22 MP: 0/0
    24 | D        | Noticed Jessica
    32 | D        | Killed Jessica
    32 | D        | Reached ** piety under Trog
    33 | D        | Reached skill level 4 in Unarmed Combat
    33 | D        | Reached XP level 2. HP: 15/32 MP: 1/1
    75 | D        | Noticed Crazy Yiuf
    83 | D        | Reached XP level 3. HP: 36/39 MP: 2/2
    87 | D        | Killed Crazy Yiuf
    88 | D        | Reached skill level 5 in Unarmed Combat
    88 | D        | Reached XP level 4. HP: 39/49 MP: 3/3
   112 | D        | Gained mutation: Armour fits poorly on your strangely
                  | shaped body. [potion of mutation]
   112 | D        | Gained mutation: You are weak. (Str -2) [potion of
                  | mutation]
   112 | D        | Gained mutation: Your system is resistant to poisons.
                  | (rPois) [potion of mutation]
   113 | D        | Lost mutation: You are weak. (Str -2) [potion of mutation]
   113 | D        | Lost mutation: Armour fits poorly on your strangely shaped
                  | body. [potion of mutation]
   113 | D        | Lost mutation: Your system is resistant to poisons. (rPois)
                  | [potion of mutation]
   113 | D        | Gained mutation: You have large cloven feet. [potion of
                  | mutation]
   113 | D        | Gained mutation: You have hidden genetic potential. [potion
                  | of mutation]
   118 | D        | Noticed a water elemental
   126 | D        | Killed a water elemental
   127 | D        | Reached skill level 5 in Fighting
   127 | D        | Reached skill level 5 in Dodging
   127 | D        | Reached skill level 6 in Unarmed Combat
   177 | D        | Found a radiant altar of Vehumet.
   177 | D        | Found a shimmering blue altar of Sif Muna.
   177 | D        | Found an ancient bone altar of Kikubaaqudgha.
   177 | D        | Noticed a wizard
   178 | D        | Killed a wizard
   178 | D        | Reached *** piety under Trog
   179 | D        | Reached XP level 5. HP: 59/59 MP: 4/4
   182 | D        | Reached skill level 7 in Unarmed Combat
   191 | D        | Found a glowing silver altar of Zin.
   191 | D        | Found a glowing golden altar of the Shining One.
   191 | D        | Found a white marble altar of Elyvilon.
   192 | D        | Noticed a deep elf pyromancer
   193 | D        | Gained mutation: You are strong-willed. (Will+) [hidden
                  | potential]
   198 | D        | Killed a deep elf pyromancer
   198 | D        | Reached **** piety under Trog
   199 | D        | Reached skill level 9 in Unarmed Combat
   199 | D        | Reached XP level 6. HP: 64/72 MP: 5/5
   199 | D        | Reached XP level 7. HP: 71/80 MP: 6/6
   213 | D        | Found a hide-covered altar of Uskayaw.
   213 | D        | Found an iron altar of Okawaru.
   213 | D        | Found a bloodstained altar of Trog.
   213 | D        | Found an ornate altar of the Wu Jian Council.
   213 | D        | Noticed a human
   213 | D        | Noticed a human
   217 | D        | Gained mutation: Your muscles are strong. (Str +4, Int/Dex
                  | -1) [hidden potential]
   217 | D        | Lost mutation: You have hidden genetic potential. [hidden
                  | potential expressed]
   223 | D        | Killed a human
   224 | D        | Reached skill level 10 in Unarmed Combat
   229 | D        | Killed a human
   269 | D        | Found a basalt altar of Yredelemnul.
   269 | D        | Found a shadowy altar of Dithmenos.
   269 | D        | Found a sacrificial altar of Ru.
   277 | D        | Reached ***** piety under Trog
   288 | D        | Noticed a shadow
   291 | D        | Killed a shadow
   291 | D        | Received a gift from Trog
   292 | D        | Reached XP level 8. HP: 71/92 MP: 7/7
   299 | D        | Found a blossoming altar of Fedhas.
   299 | D        | Found a stormy altar of Qazlal.
   299 | D        | Found a snail-covered altar of Cheibriados.
   299 | D        | Found a burning altar of Makhleb.
   299 | D        | Found a shimmering altar of Xom.
   309 | D        | Found a hazy altar of Hepliaklqana.
   309 | D        | Found an opulent altar of Gozag.
   309 | D        | Found a sparkling altar of Nemelex Xobeh.
   309 | D        | Found a corrupted altar of Lugonu.
   309 | D        | Found a viscous altar of Jiyva.
   316 | D        | Reached skill level 11 in Unarmed Combat
   335 | D        | Found Ackohag's General Store.
   356 | D        | Noticed Snorg
   356 | D        | Noticed an orc high priest
   362 | D        | HP: 3/92 [Snorg (2)]
   362 | D        | Slain by Snorg

Illustrated notes

Levels and vault maps discovered:
D:        dungeon_sprint_mu [sprint_mu_entry_cave, sprint_mu_temple_rooms,
          sprint_mu_d1_horrors, sprint_mu_d2_genie, sprint_mu_d3_branching,
          sprint_mu_orc_legion, sprint_mu_elf_gauntlet, sprint_mu_hive_nellie,
          sprint_mu_lair_fedhas, sprint_mu_vaults_butterflies,
          sprint_mu_slime_circle, sprint_mu_swamp_cave, sprint_mu_shoals_archi,
          sprint_mu_blade_basic, sprint_mu_crypt_lich, sprint_mu_tomb_spiral,
          sprint_mu_vestibule_basic, sprint_mu_gehenna_hellfire,
          sprint_mu_dis_giant, sprint_mu_tartarus_statrot,
          sprint_mu_cocytus_islands, sprint_mu_zot1]

Skill      XL: |  1  2  3  4  5  6  7  8 |
---------------+-------------------------+-----
Fighting       | 3 4 5 8 9 |  9.5
Dodging        | 3 4 5 7 9 |  9.3
Unarmed Combat | 4 5 6 9 10 11 | 11.1

Action                     |  1- 3 |  4- 6 |  7- 9 || total
---------------------------+-------+-------+-------++-------
  Melee: Unarmed           |    15 |    16 |    38 ||    69
         Punch             |     1 |       |     1 ||     2
         Kick              |       |       |    10 ||    10
 Invoke: Berserk           |       |     1 |       ||     1
         Brothers in Arms  |       |       |     1 ||     1
    Use: Potion            |     1 |     2 |       ||     3
 Armour: Animal skin       |     9 |     5 |    27 ||    41
  Dodge: Dodged            |     6 |     4 |    14 ||    24

Table legend: (Time is in decaauts)
 A = Elapsed time spent in this place.
 B = Non-inter-level travel time spent in this place.
 C = Inter-level travel time spent in this place.
 D = Time resting spent in this place.
 E = Time spent auto-exploring this place.
 F = Levels seen in this place.
 G = Mean time per level.
                   A        B        C        D        E       F      G
               +--------+--------+--------+--------+--------+-----+--------+
         Total |    362 |    362 |      0 |     64 |    132 |   1 |  362.0 |
       Dungeon |    362 |    362 |      0 |     64 |    132 |   1 |  362.0 |
               +--------+--------+--------+--------+--------+-----+--------+

Top non-repeatable levels by time:
       D: 362 daAuts
